 Dungeon Crawl Stone Soup version 0.27.1-4-g1640c2035a (webtiles) character file.

Game seed: 7962874368945287339

128 bearlyready the Cutter (level 5, 0/32 HPs)
             Began as a Kobold Berserker on Nov 17, 2021.
             Was a Believer of Trog.
             Splashed by a jelly's acid (9 damage)
             ... on level 2 of the Dungeon.
             The game lasted 00:02:52 (2149 turns).

bearlyready the Cutter (Kobold Berserker)           Turns: 2149, Time: 00:02:52

Health: 0/32       AC:  1    Str: 15    XL:     5   Next: 33%
Magic:  5/5        EV: 13    Int:  8    God:    Trog [**....]
Gold:   56         SH:  0    Dex: 15    Spells: 4/4 levels left

rFire    . . .     SeeInvis .   a - +0 short sword
rCold    . . .     Faith    .   (shield restricted)
rNeg     . . .     Spirit   .   f - +0 ring mail
rPois    .         Reflect  .   (no helmet)
rElec    .         Harm     .   (no cloak)
rCorr    .         Rampage  .   (no gloves)
Will     .....                  (no boots)
Stlth    ++........             (no amulet)
HPRegen  0.10/turn              (no ring)
MPRegen  0.09/turn              (no ring)

@: corroded
A: small, no large weapons, nightstalker 3
a: Renounce Religion, Berserk, Trog's Hand


You were on level 2 of the Dungeon.
You worshipped Trog.
Trog was pleased with you.
You visited 1 branch of the dungeon, and saw 2 of its levels.

You collected 56 gold pieces.

Inventory:

Hand Weapons
 a - a +0 short sword (weapon)
Armour
 b - a +0 animal skin
 f - a +0 ring mail (worn)
Scrolls
 c - a scroll of enchant weapon {unknown}
 h - 2 scrolls of identify {unknown}
Potions
 d - a potion of lignification {unknown}
 e - a potion of heal wounds


   Skills:
 - Level 3.2 Fighting
 + Level 7.1 Short Blades
 + Level 0.8 Throwing
 - Level 1.5 Armour
 - Level 2.4 Dodging
 + Level 1.2 Stealth


You had 4 spell levels left.
You didn't know any spells.
Your spell library was empty.

Dungeon Overview and Level Annotations

Branches:
Dungeon (2/15)

Altars:


Innate Abilities, Weirdness & Mutations

You are small and have problems with some larger weapons.
You are completely attuned to the shadows.


Message History

The jelly is lightly wounded.
You hit the jelly. The acid corrodes you!
Your hands burn!
The jelly is moderately wounded.
The jelly struggles against the net.
You hit the jelly.
Your hands burn!
The jelly is heavily wounded.
The jelly struggles against the net.
You strike the helpless jelly from behind!
You puncture the jelly!
You kill the jelly!
Trog accepts your kill.
Your Stealth skill increases to level 1!
You are no longer corroded.
Things that are here:
a +0 short sword; 4 stones
There is an open door here.
An endoplasm comes into view.
Found a hobgoblin skeleton.
An endoplasm is nearby!
An endoplasm is nearby! 2 endoplasms and a jelly come into view.
Found a hobgoblin skeleton.
The endoplasm freezes you.
You are frozen.
You hit the endoplasm.
You kill the endoplasm!
Trog accepts your kill.
Found 18 poisoned darts.
The jelly hits you but does no damage. The jelly hits you but does no damage.
The endoplasm quivers.
You hit the jelly. The acid corrodes you!
Your hands burn!
The jelly is moderately wounded.
You hit the endoplasm.
The endoplasm is lightly wounded.
The endoplasm freezes you.
You are frozen.
The jelly hits you.
You are splashed with acid!
The jelly hits you.
* * * LOW HITPOINT WARNING * * *
You are splashed with acid!
You die...

#.......##........##
#.......##..#......#
#(......##.........'
####....###.#......#
##..'....# #.#......#
#.######## #.#.#.####
##.....)## #.#.#.#...
########'###...#+#...
#÷.J@.....##.........
#..J÷.....##.........
#...P...÷.##........#
#.......P.##.........
#JP÷÷.P÷..##.###.#...
#(..P.P.P.# ##.#...
####### #.....#
#.....# #......


You could see a jelly and 2 endoplasms.

Vanquished Creatures
  A jelly (D:2)
  4 gnolls (D:2)
  An adder (D:2)
  A dart slug (D:1)
  3 bats
  8 endoplasms
  3 giant cockroaches (D:1)
  3 goblins (D:1)
  5 hobgoblins (D:1)
  2 jackals (D:1)
  A quokka (D:1)
  4 frilled lizards (D:1)
  12 kobolds
  2 rats (D:1)
50 creatures vanquished.

Vanquished Creatures (others)
  7 toadstools (D:2)
7 creatures vanquished.

Grand Total: 57 creatures vanquished

Notes
Turn   | Place    | Note
-------+----------+-------------------------------------------
     0 | D:1      | bearlyready the Kobold Berserker began the quest for the
                  | Orb.
     0 | D:1      | Reached XP level 1. HP: 14/14 MP: 1/1
   148 | D:1      | Reached XP level 2. HP: 14/19 MP: 2/2
   272 | D:1      | Reached skill level 5 in Short Blades
   483 | D:1      | Reached XP level 3. HP: 20/23 MP: 3/3
   733 | D:1      | Reached ** piety under Trog
   984 | D:1      | Found a faded altar of an unknown god.
  1283 | D:2      | Reached skill level 6 in Short Blades
  1287 | D:2      | Reached XP level 4. HP: 28/28 MP: 4/4
  1862 | D:2      | Reached skill level 7 in Short Blades
  1871 | D:2      | Reached XP level 5. HP: 25/32 MP: 5/5
  1960 | D:2      | Reached skill level 1 in Stealth
  2149 | D:2      | Splashed by a jelly's acid

Illustrated notes

Levels and vault maps discovered:
D:1:      psy_arrival_whirlpool, layout_rooms, shapermc_ecumenical_altar_petra,
          serial_bayou_ford_a, minivault_24, minmay_misc_feat_square,
          st_stairs_3
D:2:      cheibrodos_fertilizer, layout_basic, basic_altar, grunt_ministairs_2

Skill      XL: |  1  2  3  4  5 |
---------------+----------------+-----
Short Blades   | 5 6 7 |  7.1
Stealth        | 1 |  1.2
Fighting       | |  3.2
Throwing       | |  0.8
Armour         | |  1.5
Dodging        | |  2.4

Action                   |  1- 3 |  4- 6 || total
-------------------------+-------+-------++-------
Melee: Short sword       |    92 |    69 ||   161
Throw: Throwing net      |       |     2 ||     2
Invok: Berserk           |     2 |     1 ||     3
       Trog's Hand       |       |     1 ||     1
  Use: Potion            |       |     1 ||     1
 Stab: Sleeping          |     6 |     1 ||     7
       Distracted        |     1 |       ||     1
       Held in net/web   |       |     1 ||     1
Armor: Animal skin       |     3 |       ||     3
       Ring mail         |    10 |    20 ||    30
Dodge: Dodged            |    43 |    46 ||    89
